 Dungeon Crawl Stone Soup version 0.27.1-33-g824d729ab1 (webtiles) character file.

Game seed: 3345031788374355898

4 Holzbalken the Ducker (level 1, 0/18 HPs)
             Began as a Djinni Gladiator on Dec 5, 2021.
             Slain by a gnoll (2 damage)
             ... on level 1 of the Dungeon.
             The game lasted 00:00:38 (188 turns).

Holzbalken the Ducker (Djinni Gladiator)             Turns: 188, Time: 00:00:38

Health: 0/18       AC:  4    Str: 13    XL:     1   Next: 66%
Gold:   19         EV: 12    Int:  9    God:
                   SH:  0    Dex: 14

rFire    + + .     SeeInvis .   a - +0 long sword
rCold    x . .     Faith    .   (no shield)
rNeg     . . .     Spirit   .   b - +0 leather armour
rPois    ∞         Reflect  .   c - +0 helmet
rElec    .         Harm     .   (no cloak)
rCorr    .         Rampage  .   (no gloves)
Will     .....                  (boots unavailable)
Stlth    +.........             (no amulet)
HPRegen  0.06/turn              (no ring)
MPRegen  0.00/turn              (no ring)

@: flying
A: sickness immunity, fire resistance 2, cold vulnerability 1, float, innate
caster, hp casting, extra vitality 1
a: no special abilities


You were on level 1 of the Dungeon.
You visited 1 branch of the dungeon, and saw 1 of its levels.

You collected 19 gold pieces.

Inventory:

Hand Weapons
 a - a +0 long sword (weapon)
Missiles
 d - 3 throwing nets (quivered)
Armour
 b - a +0 leather armour (worn)
 c - a +0 helmet (worn)
Potions
 e - a potion of mutation {unknown}
 f - a potion of curing {unknown}


   Skills:
 + Level 2.0 Fighting
 + Level 2.7 Long Blades
 + Level 1.5 Throwing
 + Level 3.5 Dodging


You couldn't memorise any spells.
You didn't know any spells.
Your spell library was empty.

Dungeon Overview and Level Annotations

Branches:
Dungeon (1/15)

Altars:

Shops:
D:1 !


Innate Abilities, Weirdness & Mutations

You are immune to sickness and miasma.
You are immune to poison.
Your flesh is very heat resistant. (rF++)
You are vulnerable to cold. (rC-)
You float through the air rather than walking.
You learn spells naturally, not from books.
Your magical power is your life essence.
You have superior vitality. (+4 HP)


Message History

The endoplasm closely misses you.
You riposte.
You slash the endoplasm!
You kill the endoplasm!
e - a fuming cyan potion
Found 8 gold pieces.
You now have 8 gold pieces.
Found 11 gold pieces.
You now have 19 gold pieces (gained 11).
You reach down and open the door.
A hobgoblin comes into view.
Found a hunting sling, a dark potion and a spear.
There is an open door here.
The hobgoblin shouts!
You barely miss the hobgoblin. The hobgoblin misses you.
You hit the hobgoblin.
You kill the hobgoblin!
You see here a +0 hunting sling.
f - a dark potion You reach down and open the door.
There is an open door here.
Found a hunting sling.
You see here a +0 hunting sling.
A gnoll comes into view. It is wielding a +0 spear.
The gnoll shouts!
The gnoll hits you from afar with a +0 spear.
The gnoll hits you with a +0 spear!
Ouch! That really hurt!
You hit the gnoll but do no damage. The gnoll barely misses you.
You riposte.
You hit the gnoll but do no damage. You hit the gnoll.
The gnoll is moderately wounded.
The gnoll barely misses you. The gnoll hits you with a +0 spear.
* * * LOW HITPOINT WARNING * * *
You hit the gnoll.
The gnoll is heavily wounded.
The gnoll hits you with a +0 spear.
* * * LOW HITPOINT WARNING * * *
You closely miss the gnoll.
The gnoll is heavily wounded.
The gnoll hits you with a +0 spear.
You die...

##.......###.#..#.#
##.....## #......#
##...## ###.####
##+## #.# #.# #)#
## #.#
##...#######.#
#.....g@.....#
##...######### ##


You could see a gnoll.

Vanquished Creatures
  An endoplasm (D:1)
  2 hobgoblins (D:1)
3 creatures vanquished.

Notes
Turn   | Place    | Note
-------+----------+-------------------------------------------
     0 | D:1      | Holzbalken the Djinni Gladiator began the quest for the
                  | Orb.
     0 | D:1      | Reached XP level 1. HP: 18/18 MP: 0/0
    70 | D:1      | Found Talluwn's Distillery.
   188 | D:1      | Slain by a gnoll

Illustrated notes

Levels and vault maps discovered:
D:1:      grunt_arrival_lava_bath, layout_loops_corners, serial_shops, shop

Action                   || total
-------------------------++-------
Melee: Long sword        ||     9
Armor: Leather armour    ||     1
Dodge: Dodged            ||     5
       Rpst.: Long sword ||     2
